 Dungeon Crawl Stone Soup version 0.31-a0-1074-g0b22e4e0f1 (webtiles) character file.

Game seed: 2237031314700923916

262 backslashecho the Chopper (level 6, -5/47 HPs)
             Began as a Human Warper on Dec 4, 2023.
             Splashed by a jelly's acid (7 damage)
             ... on level 4 of the Dungeon.
             The game lasted 00:09:19 (3785 turns).

backslashecho the Chopper (Human Warper)            Turns: 3785, Time: 00:09:20

Health: -5/47      AC: -3    Str: 13    XL:     6   Next: 42%
Magic:  9/9        EV:  5    Int: 13    God:
Gold:   159        SH:  7    Dex: 13    Spells: 7/9 levels left

rFire   . . .        a - +1 hand axe
rCold   . . .        q - +0 kite shield
rNeg    . . .        s - +0 chain mail
rPois   .            (no helmet)
rElec   .            (no cloak)
rCorr   .            (no gloves)
SInv    .            (no boots)
Will    .....        (no amulet) Stlth
                     (no ring)
HPRegen 0.27/turn    (no ring)
MPRegen 0.11/turn

%: no passive effects
@: corroded
A: no striking features
a: no special abilities


You were on level 4 of the Dungeon.
You visited 1 branch of the dungeon, and saw 4 of its levels.

You collected 159 gold pieces.

Inventory:

Hand Weapons
 a - a +1 hand axe (weapon)
 b - a +2 dagger of venom
Missiles
 d - 7 darts of dispersal
 e - 2 poisoned darts (quivered)
 g - 64 stones
 y - 2 throwing nets
Armour
 q - a +0 kite shield (worn)
 s - a +0 chain mail (worn)
Jewellery
 k - a ring of magical power
 m - a ring of fire
Scrolls
 c - 6 scrolls of blinking
 j - a scroll of revelation
 l - 4 scrolls of teleportation
 n - a scroll of identify
 p - a scroll of enchant weapon
 t - a scroll of noise
 u - 3 scrolls of fear
Potions
 f - a potion of heal wounds
 h - a potion of mutation
 i - a potion of attraction {unknown}
 w - a potion of haste {unknown}
 x - a potion of curing


   Skills:
 + Level 3.2 Fighting
 * Level 4.3 Axes
 - Level 2.0 Throwing
 + Level 2.7 Armour
 - Level 2.0 Dodging
 - Level 1.0 Unarmed Combat
 - Level 2.0 Spellcasting
 - Level 3.0 Translocations


You had 7 spell levels left.
You knew the following spells:

 Your Spells              Type           Power      Damage    Failure   Level
a - Blink                 Tloc           18%        N/A       100%        2

Your spell library contained the following spells:

 Spells                   Type           Power      Damage    Failure   Level
 Lesser Beckoning         Tloc           18%        N/A       100%        2
 Teleport Other           Tloc           9%         N/A       100%        3
 Manifold Assault         Tloc           9%         N/A       100%        4
 Vhi's Electric Charge    Tloc/Air       10%        N/A       100%        4


Dungeon Overview and Level Annotations

Branches:
Dungeon (4/15)
 Temple: D:4-7

Altars:
Ashenzari
Qazlal
Ru
Vehumet


Message History

The jelly quivers.
Health restored: 47 A jelly is nearby!
Found a scroll of teleportation.
The jelly jiggles.
You hit the jelly.
Your hands burn!
The jelly is moderately wounded.
The jelly hits you but does no damage.
You hit the jelly but do no damage. The acid corrodes you!
Your hands burn!
The jelly is moderately wounded.
The jelly barely misses you.
You take 4 damage, and have 43/47 hp.
You hit the jelly.
Your hands burn!
The jelly is heavily wounded.
The jelly hits you but does no damage. You block the jelly's attack.
You take 3 damage, and have 40/47 hp.
You hit the jelly.
Your hands burn!
The jelly is severely wounded.
You block the jelly's attack.
You take 3 damage, and have 37/47 hp.
You barely miss the jelly.
The jelly is heavily wounded.
The jelly completely misses you.
You hit the jelly.
Your hands burn!
The jelly is severely wounded.
The jelly barely misses you. The jelly hits you.
You are splashed with acid!
You take 15 damage, and have 22/47 hp.
MASSIVE DAMAGE!!
You hit the jelly. The acid corrodes you!
Your hands burn!
The jelly is almost dead.
You block the jelly's attack.
You take 2 damage, and have 20/47 hp.
You hit the jelly but do no damage.
Your hands burn!
The jelly is almost dead.
The jelly hits you.
* * * LOW HITPOINT WARNING * * *
The acid corrodes you!
You are splashed with acid.
* * * LOW HITPOINT WARNING * * *
You take 12 damage, and have 8/47 hp.
MASSIVE DAMAGE!!
You hit the jelly but do no damage.
Your hands burn!
* * * LOW HITPOINT WARNING * * *
The jelly is almost dead.
The jelly hits you.
* * * LOW HITPOINT WARNING * * *
You are splashed with acid!
You die...

...?.... ...... #.....
.... #..# #... #... #..#
##..####.J# #...#.##.@##
##..........#
#...........#
#...........##
##............## #
#..............#### ##
##.................##
.####..............##...#
.....#####........#####.#


You could see a jelly.

Vanquished Creatures
  A scorpion (D:4)
  A hound (D:3)
  4 gnolls
  7 adders
  5 endoplasms
  6 giant cockroaches
  2 goblins (D:3)
  9 hobgoblins
  12 kobolds
  2 quokkas
  3 ball pythons
  6 bats
  4 frilled lizards
  10 rats
72 creatures vanquished.

Notes
Turn   | Place    | Note
-------+----------+-------------------------------------------
     0 | D:1      | backslashecho the Human Warper began the quest for the Orb.
     0 | D:1      | Reached XP level 1. HP: 16/16 MP: 3/3
     7 | D:1      | You fall into a shaft and drop 1 floor!
   116 | D:2      | Reached XP level 2. HP: 18/22 MP: 5/5
   306 | D:2      | Reached XP level 3. HP: 23/27 MP: 6/6
   670 | D:1      | Learned a level 2 spell: Blink
   844 | D:1      | Reached skill level 1 in Unarmed Combat
  1616 | D:2      | Reached XP level 4. HP: 6/34 MP: 7/7
  1777 | D:2      | Reached skill level 3 in Axes
  2328 | D:3      | Reached XP level 5. HP: 6/39 MP: 8/8
  2921 | D:3      | Found a radiant altar of Vehumet.
  3403 | D:4      | Found a sacrificial altar of Ru.
  3490 | D:4      | Reached skill level 4 in Axes
  3490 | D:4      | Reached XP level 6. HP: 15/47 MP: 9/9
  3618 | D:4      | Found a broken altar of Ashenzari.
  3618 | D:4      | Found a stormy altar of Qazlal.
  3785 | D:4      | HP: 2/47 [jelly (1)]
  3785 | D:4      | Splashed by a jelly's acid

Illustrated notes

Levels and vault maps discovered:
D:1:      heliophobic_arrival_henge, layout_basic, minmay_quantized
D:2:      minmay_evil_eye, layout_basic, chequers_serial_rivers_micro_e,
          serial_bayou_lagoon_a, nicolae_concentric_dashed_squares_wild,
          supply_closet_lemuel, minmay_increasing_density
D:3:      layout_loops_ring, nicolae_vehumet_altar_sigil
D:4:      layout_cave_pods, mainiacjoe_overflow_catwalk,
          grunt_temple_overflow_open, grunt_ministairs_10

Skill      XL: |  1  2  3  4  5 |
---------------+----------------+-----
Unarmed Combat | 1 |  1.0
Axes           | 3 4 |  4.3
Throwing       | 2 |  2.0
Armour         | 2 |  2.7
Fighting       | 3 |  3.2
Dodging        | |  2.0
Spellcasting   | |  2.0
Translocations | |  3.0

Action                     |  1- 3 |  4- 6 || total
---------------------------+-------+-------++-------
  Melee: Hand axe          |   154 |   205 ||   359
         Punch             |     3 |       ||     3
  Throw: Dart              |       |     3 ||     3
    Use: Potion            |       |     4 ||     4
         Scroll            |       |    10 ||    10
 Armour: Leather armour    |    46 |       ||    46
         Chain mail        |    84 |   197 ||   281
  Dodge: Dodged            |    73 |    41 ||   114
  Block: Kite shield       |       |    88 ||    88

Table legend: (Time is in decaauts)
 A = Elapsed time spent in this place.
 B = Non-inter-level travel time spent in this place.
 C = Inter-level travel time spent in this place.
 D = Time resting spent in this place.
 E = Time spent auto-exploring this place.
 F = Levels seen in this place.
 G = Mean time per level.
                   A        B        C        D        E       F      G
               +--------+--------+--------+--------+--------+-----+--------+
         Total |   3889 |   3644 |    245 |    532 |   2064 |   4 |  972.2 |
       Dungeon |   3889 |   3644 |    245 |    532 |   2064 |   4 |  972.2 |
               +--------+--------+--------+--------+--------+-----+--------+

Top non-repeatable levels by time:
     D:2: 1285 daAuts
     D:1: 1097 daAuts
     D:3: 1091 daAuts
     D:4: 415 daAuts
